 Dungeon Crawl Stone Soup version 0.18.1-48-g4cf74bf (webtiles) character file.

56 tyrion the Poker (level 3, -1/30 HPs)
             Began as a Centaur Gladiator on Aug 17, 2016.
             Slain by Natasha (7 damage)
             ... on level 2 of the Dungeon.
             The game lasted 00:01:58 (1393 turns).

tyrion the Poker (Centaur Gladiator)                Turns: 1393, Time: 00:01:59

Health: -1/30      AC:  5    Str: 17    XL:     3   Next: 71%
Magic:  3/3        EV: 10    Int:  7    God:
Gold:   70         SH:  0    Dex: 10    Spells: 0 memorised, 2 levels left

rFire  . . .     SeeInvis .     a - +0 trident
rCold  . . .     Gourm    .     b - +0 leather armour
rNeg   . . .     Faith    .     (no shield)
rPois  .         Spirit   .     c - +0 helmet
rElec  .         Dismiss  .     (no cloak)
rCorr  .         Reflect  .     (no gloves)
SustAt .         Harm     .     (no barding)
MR     .....                    (no amulet)
Stlth  ..........               (no ring)
                                (no ring)

@: very quick, not resistant to hostile enchantments, extremely unstealthy
A: hooves 3, deformed body, speed 2, tough skin 3
a: no special abilities


You were on level 2 of the Dungeon.
You were hungry.

You visited 1 branch of the dungeon, and saw 2 of its levels.

You collected 70 gold pieces.

Inventory:

Hand Weapons
 a - a +0 trident (weapon)
Missiles
 d - 3 throwing nets (quivered)
Armour
 b - a +0 leather armour (worn)
 c - a +0 helmet (worn)
Scrolls
 e - a scroll of magic mapping {unknown}
 h - a scroll of fog {unknown}
 i - a scroll of recharging {unknown}
 j - a scroll of noise {unknown}
 k - a scroll of enchant weapon {unknown}
Potions
 l - a potion of degeneration {unknown}
Comestibles
 f - 3 bread rations
 g - a meat ration


   Skills:
 * Level 2.8 Fighting
 * Level 3.2 Polearms
 - Level 2.1 Throwing
 * Level 0.8 Armour
 * Level 2.4 Dodging


You had 2 spell levels left.
You didn't know any spells.

Dungeon Overview and Level Annotations

Branches:
Dungeon (2/15)

Altars:
Nemelex Xobeh

Annotations:
D:2 Natasha


Innate Abilities, Weirdness & Mutations

You have hooves in place of feet.
Armour fits poorly on your strangely shaped body.
You cover ground very quickly.
You have extremely tough skin (AC +3).


Message History

The shadow imp laughs crazily.
A magic dart appears from out of thin air!
The magic dart hits you!
* * * LOW HITPOINT WARNING * * *
The iron imp shouts, "Remove thy stench, thou spongy fen-sucked nightsoil!"
You feel yourself speed up.
Found a stone staircase leading down.
Found 2 coppery potions.
There is a fountain of sparkling water here.
You see here a dagger.
You see here 25 arrows.
You start resting.
You are too injured to fight recklessly!
You are too injured to fight recklessly!
You are too injured to fight recklessly!
You are too injured to fight recklessly!
You are too injured to fight recklessly!
Natasha barely misses you.
You closely miss Natasha. Natasha claws you!
You die...

#...(......'.........# #.. #
#.####.....##......<.# #...###
#.# #......###.....### #......
##.###....### ###<.... .......
#.......##########.#########...##
#............................!...
#.......##########.......#.#.>..#
#...............##........ #.#..#
#...............@h......## # #..#
#.....#.........##......# #..#
#.....############......# #..#
#.....# #......# #..# #.....#
#......# #..# ###...# #......#
#..# ###...# #......# #..#
......# #.....#######..# ###...#
####....(......#


You could see Natasha.

Vanquished Creatures
  An adder (D:2)
  A worm (D:2)
  A dart slug (D:1)
  8 bats
  3 giant cockroaches
  3 goblins
  7 hobgoblins
  3 jackals (D:1)
  3 giant newts
  3 kobolds
  7 rats
40 creatures vanquished.

Notes
Turn   | Place    | Note
--------------------------------------------------------------
     0 | D:1      | tyrion the Centaur Gladiator began the quest for the Orb.
     0 | D:1      | Reached XP level 1. HP: 17/17 MP: 1/1
   199 | D:1      | Reached XP level 2. HP: 25/25 MP: 2/2
   269 | D:1      | Reached skill level 3 in Polearms
   317 | D:1      | HP: 1/25 [jackal (2)]
   778 | D:1      | Reached XP level 3. HP: 26/30 MP: 3/3
  1174 | D:2      | Found a sparkling altar of Nemelex Xobeh.
  1301 | D:2      | Noticed Natasha
  1326 | D:2      | HP: 1/30 [something/magic dart (9)]
  1393 | D:2      | Slain by Natasha

Skill      XL: |  1  2 |
---------------+-------+-----
Polearms       | 3 |  3.2
Fighting       | |  2.8
Throwing       | |  2.1
Armour         | |  0.8
Dodging        | |  2.4

Action                   || total
-------------------------++-------
Melee: Trident           ||   120
       Kick              ||    23
Armor: Leather armour    ||    55
Dodge: Dodged            ||    58
